 Dungeon Crawl Stone Soup version 0.24.0-37-gcf1ca852f1 (webtiles) character file.

Game seed: 3745534505493766983, levelgen mode: deterministic

367 Delamore the Cleaver (level 6, -12/51 HPs)
             Began as a Hill Orc Fighter on Nov 23, 2019.
             Was an Initiate of Okawaru.
             Killed by divine providence
             ... invoked by an orc priest
              (15 damage)
             ... on level 4 of the Dungeon.
             The game lasted 00:05:55 (3276 turns).

Delamore the Cleaver (Hill Orc Fighter)             Turns: 3276, Time: 00:05:55

Health: -12/51     AC:  6    Str: 21    XL:     6   Next: 69%
Magic:  6/6        EV:  7    Int:  8    God:    Okawaru [......]
Gold:   138        SH:  9    Dex: 10    Spells: 5/5 levels left

rFire    + . .     SeeInvis .   s - +1 hand axe (drain)
rCold    . . .     Gourm    .   c - +0 shield
rNeg     . . .     Faith    .   b - +0 scale mail
rPois    .         Spirit   .   (no helmet)
rElec    .         Reflect  .   (no cloak)
rCorr    .         Harm     .   (no gloves)
MR       .....                  (no boots)
Stlth    ..........             (no amulet)
HPRegen  0.17/turn              e - ring of flight
MPRegen  0.10/turn              m - ring of protection from fire

@: no status effects
A: no striking features
a: Renounce Religion, Convert to Beogh, Evoke Flight


You were on level 4 of the Dungeon.
You worshipped Okawaru.
Okawaru was noncommittal.
You were not hungry.

You visited 2 branches of the dungeon, and saw 5 of its levels.

You collected 138 gold pieces.

Inventory:

Hand Weapons
 a - a +0 war axe
 s - a +1 hand axe of draining (weapon)
Missiles
 j - 9 poisoned darts (quivered)
Armour
 b - a +0 scale mail (worn)
 c - a +0 shield (worn)
Jewellery
 e - a ring of flight (left hand)
 m - a ring of protection from fire (right hand)
Scrolls
 g - 5 scrolls of remove curse {unknown}
 i - a scroll of identify {unknown}
 l - a scroll of magic mapping {unknown}
 n - 2 scrolls of enchant weapon {unknown}
 o - 3 scrolls of immolation {unknown}
 p - a scroll of noise {unknown}
Potions
 d - 2 potions of might
 q - a potion of agility
Comestibles
 f - 7 rations


   Skills:
 - Level 3.6 Fighting
 + Level 9.1 Axes
 - Level 3.2 Armour
 - Level 3.2 Shields


You had 5 spell levels left.
You didn't know any spells.
Your spell library was empty.

Dungeon Overview and Level Annotations

Branches:
Dungeon (4/15)             Temple (1/1) D:4

Altars:
Ashenzari
Elyvilon
Gozag
Hepliaklqana
Kikubaaqudgha
Okawaru
Ru
Trog
Vehumet
Xom
Zin

Annotations:
D:4 Ijyb


Message History

You resist with some effort.
The orc priest hits you but does no damage.
The orc priest shouts, "Beogh is our master!
Accept the truth or die!"
You slash the orc wizard!
You kill the orc wizard!
Okawaru accepts your kill.
Your Axes skill increases to level 9!
You hit the orc priest but do no damage.
The orc priest shouts, "Join the one true god or die!"
The orc priest hits you but does no damage.
You hit the orc priest. You drain the orc priest.
The orc priest is almost dead.
The orc priest invokes the aid of Beogh against you.
Beogh smites you!
* * * LOW HITPOINT WARNING * * *
You closely miss the orc priest.
The orc priest is almost dead.
The orc priest mumbles some strange prayers to Beogh against you.
Beogh smites you!
You die...

....... ###.#.#
##..... ....#.## #.##
#...##### ####.#
##...[..# #.##.#
#...###.# .#.#.##
#..#.## ###...#
#.##.##.# # ##..# #.#
.##o# ##.# #.##. #@##
##.#.###.#.. #).#
##)###....#.####'####
.#.#.#.###.#.#.......#
#..........#.#.......#
..##.........'...>...#
#. #.......###.......#
#. #..###..# #.......#
# #..# #....#########


You could see an orc priest.

Vanquished Creatures
  Edmund (D:4)
  A scorpion (D:4)
  A hound (D:4)
  An orc wizard (D:4)
  6 adders
  An ooze (D:4)
  A worm (D:2)
  2 leopard geckos (D:2)
  8 orcs
  2 ball pythons
  4 giant cockroaches
  4 goblins
  9 hobgoblins
  11 jackals
  2 kobolds
  8 bats
  4 frilled lizards
  10 rats
76 creatures vanquished.

Notes
Turn   | Place    | Note
-------+----------+-------------------------------------------
     0 | D:1      | Delamore the Hill Orc Fighter began the quest for the Orb.
     0 | D:1      | Reached XP level 1. HP: 19/19 MP: 1/1
    24 | D:1      | Reached skill level 3 in Axes
   299 | D:1      | Reached XP level 2. HP: 24/26 MP: 2/2
   524 | D:1      | Reached skill level 4 in Axes
   939 | D:2      | Reached XP level 3. HP: 21/31 MP: 3/3
  1062 | D:2      | Reached skill level 5 in Axes
  1384 | D:2      | Reached XP level 4. HP: 29/39 MP: 4/4
  1748 | D:2      | Reached skill level 6 in Axes
  1894 | D:2      | Found a faded altar of an unknown god.
  2285 | D:3      | Reached XP level 5. HP: 42/45 MP: 5/5
  2562 | D:3      | Found a shimmering altar of Xom.
  2622 | D:4      | Noticed Ijyb
  2702 | D:4      | Reached skill level 7 in Axes
  3015 | D:4      | Noticed Edmund
  3041 | D:4      | Killed Edmund
  3041 | D:4      | Reached skill level 8 in Axes
  3041 | D:4      | Reached XP level 6. HP: 33/51 MP: 6/6
  3160 | D:4      | Found a staircase to the Ecumenical Temple.
  3167 | Temple   | Entered the Ecumenical Temple
  3220 | Temple   | Became a worshipper of Warmaster Okawaru
  3266 | D:4      | HP: 2/51 [orc priest/nerve-wracking pain (14)]
  3274 | D:4      | Reached skill level 9 in Axes
  3276 | D:4      | Killed from afar by an orc priest

Levels and vault maps discovered:
D:1:      dpeg_arrival_tiny_d, layout_basic
D:2:      layout_basic, chequers_ecumenical_altar_lobes, first_ration
D:3:      minmay_door_path, layout_loops_cross, tgw_xom, uniq_crazy_yiuf_cottage
D:4:      layout_loops_ring, grunt_temple_overflow_open, temple_green,
          uniq_ijyb, uniq_edmund
Temple:   eino_temple_scatter_basement

Skill      XL: |  1  2  3  4  5  6 |
---------------+-------------------+-----
Axes           | 3 4 5 6 8 9 |  9.1
Fighting       | |  3.6
Armour         | |  3.2
Shields        | |  3.2

Action                   |  1- 3 |  4- 6 || total
-------------------------+-------+-------++-------
Melee: War axe           |    89 |   108 ||   197
       Hand axe          |       |    69 ||    69
  Use: Potion            |       |     4 ||     4
  Eat: Chunk             |     1 |     7 ||     8
Armor: Scale mail        |    45 |    73 ||   118
Dodge: Dodged            |    47 |    43 ||    90
Block: Shield            |    54 |    83 ||   137
